 Dungeon Crawl Stone Soup version 0.16.1-30-g34a7ffa (webtiles) character file.

122 Jb9000 the Skirmisher (level 5, -1/33 HPs)
             Began as a Gargoyle Fighter on June 25, 2015.
             Slain by Sigmund
             ... wielding a +0 scythe
              (6 damage)
             ... on level 3 of the Dungeon.
             The game lasted 00:07:33 (1851 turns).

Jb9000 the Skirmisher (Gargoyle Fighter)            Turns: 1851, Time: 00:07:33

Health: -1/33      AC: 14    Str: 25    XL:     5   Next: 6%
Magic:  5/5        EV:  8    Int:  8    God:
Gold:   164        SH:  9    Dex: 10    Spells: 0 memorised, 4 levels left

rFire  + . .     SeeInvis .     a - +2 long sword
rCold  . . .     Clarity  .     b - +1 scale mail
rNeg   + . .     SustAb   .     c - +0 shield
rPois  ∞         Gourm    .     (no helmet)
rElec  +         Spirit   .     (no cloak)
rCorr  .         Warding  .     (no gloves)
rMut   .         Stasis   +     i - +1 pair of boots
MR     +....                    h - amulet of stasis
Stlth  +.........               m - ring of protection from fire
                                l - ring of protection from magic

@: mighty, somewhat resistant to hostile enchantments, very unstealthy
A: negative energy resistance 1, electricity resistance, unbreathing,
petrification resistance, rot immunity, AC +4
a: no special abilities


You were on level 3 of the Dungeon.
You were not hungry.

You visited 1 branch of the dungeon, and saw 3 of its levels.

You collected 164 gold pieces.

Inventory:

Hand weapons
 a - a +2 long sword (weapon)
 q - a cursed -2 whip
Missiles
 s - a throwing net (quivered)
Armour
 b - a +1 scale mail (worn)
 c - a +0 shield (worn)
 i - a +1 pair of boots (worn)
 r - a +0 plate armour
Jewellery
 h - an amulet of stasis (around neck)
 l - a ring of protection from magic (left hand)
 m - a ring of protection from fire (right hand)
 n - an uncursed ring of fire
Potions
 g - a potion of haste {unknown}
 k - a potion of degeneration {unknown}
 o - a potion of curing {unknown}
 p - a potion of heal wounds {unknown}
Comestibles
 d - a bread ration
 f - a slice of pizza
 t - a meat ration


   Skills:
 + Level 3.7 Fighting
 + Level 2.1 Long Blades
 + Level 3.5 Armour
 * Level 1.9 Dodging
 * Level 2.6 Stealth
 + Level 3.7 Shields


You had 4 spell levels left.
You didn't know any spells.

Dungeon Overview and Level Annotations

Branches:
Dungeon (3/15)

Altars:
Kikubaaqudgha

Annotations:
D:3 Sigmund


Innate Abilities, Weirdness & Mutations

You are resistant to torment.
You are immune to poison.
Your stone body is very resilient (AC +4).
You resist negative energy.
You are resistant to electric shocks.
You can survive without breathing.
You are immune to petrification.
You are immune to rotting.


Message History

You kill the orc!
Something hits you!
* * * LOW HITPOINT WARNING * * *
Drink which item? (? for menu, Esc to quit)
You feel very mighty all of a sudden. Something hits you but does no damage.
Drink which item? (? for menu, Esc to quit)
It was a potion of ambrosia.
You are confused.
You feel invigorated.
You miss something. Something hits you but does no damage.
You barely miss something. Something hits you.
You slash something!
You feel less invigorated.
You feel less confused. Something hits you!
You miss something. Something hits you.
You barely miss something. Something hits you!
* * * LOW HITPOINT WARNING * * *
You barely miss something. Something hits you.
You die...

.## ..# ).#
..######
###...%....
..........
.........
#>.......#
#@...!...#
#...){.....###
#..........#
#..........#
#..........#
#..........#
#...#######
...


There were no monsters in sight!

Vanquished Creatures
  A vampire bat (D:2)
  An adder (D:1)
  A giant mite (D:2)
  A worm (D:2)
  2 giant geckos (D:1)
  2 oozes
  An orc (D:3)
  A ball python (D:2)
  5 bats
  3 bat skeletons (D:2)
  3 bat zombies (D:2)
  A giant cockroach (D:1)
  3 goblins (D:1)
  9 hobgoblins
  A quokka (D:1)
  A giant newt (D:1)
  2 jackals (D:1)
  5 kobolds
  7 rats (D:1)
  A fungus (D:2)
51 creatures vanquished.

Notes
Turn   | Place    | Note
--------------------------------------------------------------
     0 | D:1      | Jb9000, the Gargoyle Fighter, began the quest for the Orb.
     0 | D:1      | Reached XP level 1. HP: 14/14 MP: 1/1
   396 | D:1      | Reached XP level 2. HP: 19/19 MP: 2/2
   530 | D:1      | Reached skill level 1 in Dodging
   721 | D:1      | Reached XP level 3. HP: 23/23 MP: 3/3
   758 | D:1      | Reached skill level 1 in Stealth
  1187 | D:2      | Reached XP level 4. HP: 27/29 MP: 4/4
  1586 | D:2      | Found an ancient bone altar of Kikubaaqudgha.
  1615 | D:2      | Reached XP level 5. HP: 33/33 MP: 5/5
  1831 | D:3      | Noticed Sigmund
  1851 | D:3      | Slain by Sigmund

Action                   |  1- 3 |  4- 6 || total
-------------------------+-------+-------++-------
Melee: Long sword        |   108 |    88 ||   196
  Use: Scroll            |     7 |     2 ||     9
       Potion            |       |     2 ||     2
  Eat: Chunk             |     1 |     2 ||     3
